 Dungeon Crawl Stone Soup version 0.17-a0-1497-g03599f7 (webtiles) character file.

499 urechis the Cudgeler (level 7, -3/44 HPs)
             Began as a Gargoyle Fighter on July 6, 2015.
             Was an Initiate of Trog.
             Slain by an ogre
             ... wielding a +0 giant spiked club
              (22 damage)
             ... on level 4 of the Dungeon.
             The game lasted 00:04:43 (2616 turns).

urechis the Cudgeler (Gargoyle Fighter)             Turns: 2616, Time: 00:04:43

Health: -3/44      AC: 11    Str: 20    XL:     7   Next: 16%
Magic:  7/7        EV:  7    Int:  8    God:    Trog [......]
Gold:   216        SH:  9    Dex: 11    Spells: 0 memorised, 6 levels left

rFire  . . .     SeeInvis .     a - +0 flail
rCold  . . .     Clarity  .     m - +0 scale mail
rNeg   + . .     SustAt   .     c - +0 shield
rPois  ∞         Gourm    .     (no helmet)
rElec  +         Spirit   .     (no cloak)
rCorr  .         Warding  .     (no gloves)
rMut   .         Stasis   .     (no boots)
MR     .....                    (no amulet)
Stlth  ..........               (no ring)
                                (no ring)

@: not resistant to hostile enchantments, extremely unstealthy
A: negative energy resistance 1, electricity resistance, unbreathing,
petrification resistance, rot immunity, AC +4
a: Burn Spellbooks, Renounce Religion


You were on level 4 of the Dungeon.
You worshipped Trog.
Trog was noncommittal.
You were hungry.

You visited 1 branch of the dungeon, and saw 4 of its levels.

You collected 216 gold pieces.

Inventory:

Hand weapons
 a - a +0 flail (weapon)
 b - a +0 blowgun
Missiles
 o - 11 poisoned needles
Armour
 c - a +0 shield (worn)
 m - a +0 scale mail (worn)
Jewellery
 B - an uncursed ring of ice {unknown}
Magical devices
 n - a wand of flame (32)
Scrolls
 f - 2 scrolls of immolation {unknown}
 h - 3 scrolls of identify {unknown}
 t - a scroll of fear {unknown}
 u - 2 scrolls of remove curse {unknown}
 v - a scroll of magic mapping {unknown}
 w - a scroll of enchant armour {unknown}
 x - a scroll of enchant weapon {unknown}
 y - a scroll of fog {unknown}
 C - a scroll of recharging {unknown}
Potions
 d - a potion of might
 g - a potion of resistance {unknown}
 j - a potion of invisibility {unknown}
 k - a potion of curing {unknown}
 p - a potion of degeneration {unknown}
 q - a potion of cure mutation {unknown}
 s - a potion of poison {unknown}
 z - a potion of magic {unknown}
Comestibles
 e - 5 bread rations
 i - a beef jerky
 l - 5 fruits
 r - 3 meat rations
 A - 3 chunks of flesh


   Skills:
 + Level 5.4 Fighting
 * Level 6.4 Maces & Flails
 - Level 3.2 Armour
 - Level 3.2 Shields


You had 6 spell levels left.
You didn't know any spells.

Dungeon Overview and Level Annotations

Branches:
Dungeon (4/15)
 Temple: D:4-7

Altars:
Dithmenos
Okawaru
Trog


Innate Abilities, Weirdness & Mutations

You are resistant to torment.
Your stone body is resilient (AC +4).
You are immune to poison.
You resist negative energy.
You are resistant to electric shocks.
You can survive without breathing.
You are immune to petrification.
You are immune to rotting.


Message History

The worker ant bites you but does no damage.
You closely miss the worker ant.
The worker ant is heavily wounded.
The worker ant bites you. The orc hits you but does no damage.
You thump the worker ant!
You kill the worker ant!
Trog accepts your kill. The orc hits you but does no damage.
Your shield prevents you from hitting the orc.
The orc hits you but does no damage.
You hit the ogre.
The ogre is lightly wounded.
The ogre hits you with a giant spiked club!
You block the orc's attack.
You hit the ogre.
The ogre is moderately wounded.
You block the orc's attack.
The ogre hits you with a giant spiked club!!
Ouch! That really hurt!
You die...

#........#.#
#........#.# ...
#........#.#
####...
###..##.##.#
....... ##.##.##.#
....... #..#.##.#
....... ##.#.##.#
g......
#.#.##.###oo....#
#...##...@Oo.....
####..#############
#.....).).......
#.###>##########
#.# #.# #.#
#.########## #.#
#........... #.#
#........# #.#
#...)....#


You could see an ogre, an orc wizard, 2 orcs and a goblin.

Vanquished Creatures
  The ghost of random the Conjurer, an average DgCj (D:3)
  An orc priest (D:4)
  A giant frog zombie (D:4)
  A hound (D:4)
  A giant frog skeleton (D:4)
  Jessica (D:2)
  2 orc wizards (D:4)
  A worker ant (D:4)
  4 adders
  A gnoll (D:1)
  2 oozes
  3 worms
  2 giant geckos
  6 orcs
  6 bats
  3 giant cockroaches (D:1)
  5 goblins
  6 hobgoblins
  12 jackals
  4 quokkas
  A ball python skeleton (D:4)
  3 giant newts
  10 kobolds
  11 rats
88 creatures vanquished.

Notes
Turn   | Place    | Note
--------------------------------------------------------------
     0 | D:1      | urechis the Gargoyle Fighter began the quest for the Orb.
     0 | D:1      | Reached XP level 1. HP: 14/14 MP: 1/1
    57 | D:1      | Reached XP level 2. HP: 16/19 MP: 2/2
   373 | D:1      | Reached XP level 3. HP: 20/23 MP: 3/3
   965 | D:2      | Found a shadowy altar of Dithmenos.
  1048 | D:2      | Reached XP level 4. HP: 24/29 MP: 4/4
  1068 | D:2      | Noticed Jessica
  1091 | D:2      | Killed Jessica
  1091 | D:2      | Reached skill level 4 in Fighting
  1416 | D:3      | Reached XP level 5. HP: 30/33 MP: 5/5
  1547 | D:3      | Noticed random's ghost (average DgCj)
  1564 | D:3      | Killed random's ghost
  1564 | D:3      | Reached skill level 5 in Maces & Flails
  1564 | D:3      | Reached XP level 6. HP: 17/39 MP: 6/6
  1946 | D:3      | Found a bloodstained altar of Trog.
  1947 | D:3      | Found an iron altar of Okawaru.
  1954 | D:3      | Became a worshipper of Trog the Wrathful
  2301 | D:4      | Reached skill level 5 in Fighting
  2454 | D:4      | Reached skill level 6 in Maces & Flails
  2456 | D:4      | Reached XP level 7. HP: 13/44 MP: 7/7
  2616 | D:4      | Slain by an ogre

Vault maps used:
D:1:      dpeg_arrival_more_subterranean_lakeside_camping
D:2:      first_bread, grunt_dithmenos_smoke, uniq_jessica
D:3:      gammafunk_temple_overflow_pools
D:4:      uniq_natasha

Action                   |  1- 3 |  4- 6 |  7- 9 || total
-------------------------+-------+-------+-------++-------
Melee: Flail             |   162 |   230 |    33 ||   425
  Eat: Chunk             |       |     6 |       ||     6
